PIO (24 & UNDER)
EAU CLAIRE ESQUIRES @ SEATTLE RAINIERS
09/22/2029
 
TOP OF THE 1ST
Eau Claire Esquires batting - Pitching for Seattle Rainiers : RHP César Rodríguez
Pitching: RHP César Rodríguez
Batting: LHB Johnny Foley 0-0: Foul Ball, location: 2F
0-1: Fly out, F6 (Line Drive, 6)
Batting: RHB Jason Smith 0-0: SINGLE (Groundball, 6MD)
Batting: RHB Jonathan Reynolds 0-0: Ball
1-0: Swinging Strike
1-1: Grounds into double play, 4-6-3 (Groundball, 4)
Top of the 1st over - 0 runs, 1 hit, 0 errors, 0 left on base; Eau Claire 0 - Seattle 0
BOTTOM OF THE 1ST
Seattle Rainiers batting - Pitching for Eau Claire Esquires : LHP Gabriel Acevedo
Pitching: LHP Gabriel Acevedo
Batting: RHB Roberto Casas 0-0: Swinging Strike
0-1: Ball
1-1: Ball
2-1: Swinging Strike
2-2: Strikes out swinging
Batting: RHB Cal Cox 0-0: Ball
1-0: Fly out, F8 (Flyball, 8RM)
Batting: RHB Jesús Ortíz 0-0: Called Strike
0-1: Ball
1-1: SOLO HOME RUN (Flyball, 7D), Distance : 388 ft
Batting: RHB Jesús Vélez 0-0: Ball
1-0: Swinging Strike
1-1: Ground out 4-3 (Groundball, 4)
Bottom of the 1st over - 1 run, 1 hit, 0 errors, 0 left on base; Eau Claire 0 - Seattle 1
TOP OF THE 2ND
Eau Claire Esquires batting - Pitching for Seattle Rainiers : RHP César Rodríguez
Batting: RHB Silas Small 0-0: Ground out 4-3 (Groundball, 4S)
Batting: RHB Luis Cherena 0-0: Called Strike
0-1: Ground out 5-3 (Groundball, 5)
Batting: LHB Steve Arnold 0-0: Called Strike
0-1: Called Strike
0-2: Fly out, F7 (Flyball, 7S)
Top of the 2nd over - 0 runs, 0 hits, 0 errors, 0 left on base; Eau Claire 0 - Seattle 1
BOTTOM OF THE 2ND
Seattle Rainiers batting - Pitching for Eau Claire Esquires : LHP Gabriel Acevedo
Batting: LHB Darren Cook 0-0: Swinging Strike
0-1: Ball
1-1: Ball
2-1: Foul Ball, location: 2F
2-2: Strikes out looking
Batting: RHB John Eaves 0-0: Ball
1-0: Ball
2-0: Called Strike
2-1: Ball
3-1: Base on Balls
Batting: RHB Lionel Pona 0-0: Ball
1-0: Fly out, F7 (Flyball, 7D)
Batting: RHB Jeff Lawrence 0-0: Called Strike
0-1: Swinging Strike
0-2: Strikes out swinging
Bottom of the 2nd over - 0 runs, 0 hits, 0 errors, 1 left on base; Eau Claire 0 - Seattle 1
TOP OF THE 3RD
Eau Claire Esquires batting - Pitching for Seattle Rainiers : RHP César Rodríguez
Batting: RHB Vincente Ramírez 0-0: Ground out 5-3 (Groundball, 5)
Batting: RHB Tom McBride 0-0: Fly out, F4 (Popup, 34S)
Batting: RHB Nick McIntyre 0-0: Ball
1-0: Ball
2-0: Called Strike
2-1: Called Strike
2-2: Ball
3-2: Base on Balls
Batting: LHB Johnny Foley 0-0: Ball
1-0: Called Strike
1-1: Ball
2-1: Ball
Wild Pitch!
Nick McIntyre to second
3-1: Base on Balls
Batting: RHB Jason Smith 0-0: Called Strike
0-1: Ball
1-1: Called Strike
1-2: Ball
2-2: Strikes out swinging
Top of the 3rd over - 0 runs, 0 hits, 0 errors, 2 left on base; Eau Claire 0 - Seattle 1
BOTTOM OF THE 3RD
Seattle Rainiers batting - Pitching for Eau Claire Esquires : LHP Gabriel Acevedo
Batting: SHB Dwight Hill 0-0: Ball
1-0: Ground out 5-3 (Groundball, 56)
Batting: RHB Roberto Casas 0-0: Called Strike
0-1: Ball
1-1: Foul Ball, location: 2F
1-2: Ball
2-2: Fly out, F5 (Popup, 56S)
Batting: RHB Cal Cox 0-0: Ball
1-0: Called Strike
1-1: Ball
2-1: Swinging Strike
2-2: Ball
3-2: Foul Ball, location: 2F
3-2: Base on Balls
Batting: RHB Jesús Ortíz 0-0: Ball
1-0: Called Strike
1-1: Fly out, F2 (Popup, 25F)
Bottom of the 3rd over - 0 runs, 0 hits, 0 errors, 1 left on base; Eau Claire 0 - Seattle 1
TOP OF THE 4TH
Eau Claire Esquires batting - Pitching for Seattle Rainiers : RHP César Rodríguez
Batting: RHB Jonathan Reynolds 0-0: Swinging Strike
0-1: Ball
1-1: Ball
2-1: Fly out, F3 (Popup, 3SF)
Batting: RHB Silas Small 0-0: Ball
1-0: SINGLE (Line Drive, 4MD)
Batting: RHB Luis Cherena 0-0: Called Strike
0-1: Ball
Silas Small is caught stealing 2nd base
1-1: Called Strike
1-2: Ball
2-2: Fly out, F5 (Line Drive, 56)
Top of the 4th over - 0 runs, 1 hit, 0 errors, 0 left on base; Eau Claire 0 - Seattle 1
BOTTOM OF THE 4TH
Seattle Rainiers batting - Pitching for Eau Claire Esquires : LHP Gabriel Acevedo
Batting: RHB Jesús Vélez 0-0: SINGLE (Groundball, 6) (infield hit)
Batting: LHB Darren Cook 0-0: Ball
Jesús Vélez is caught stealing 2nd base
1-0: Called Strike
1-1: Swinging Strike
1-2: Ball
2-2: Fly out, F8 (Flyball, 8LD)
Batting: RHB John Eaves 0-0: Ball
1-0: Ball
2-0: Fly out, F9 (Flyball, 89XD)
Bottom of the 4th over - 0 runs, 1 hit, 0 errors, 0 left on base; Eau Claire 0 - Seattle 1
TOP OF THE 5TH
Eau Claire Esquires batting - Pitching for Seattle Rainiers : RHP César Rodríguez
Batting: LHB Steve Arnold 0-0: Called Strike
0-1: Ball
1-1: Ground out U3 (Groundball, 3L)
Batting: RHB Vincente Ramírez 0-0: Ball
1-0: Ball
2-0: Ball
3-0: Base on Balls
Batting: RHB Tom McBride 0-0: Ball
1-0: Called Strike
1-1: Ball
2-1: SINGLE (Line Drive, 89S)
Vincente Ramírez to second
Batting: RHB Nick McIntyre 0-0: Called Strike
0-1: Called Strike
0-2: Ball
1-2: Strikes out swinging
Batting: LHB Johnny Foley 0-0: Ball
1-0: Ball
2-0: Fly out, F5 (Line Drive, 5S)
Top of the 5th over - 0 runs, 1 hit, 0 errors, 2 left on base; Eau Claire 0 - Seattle 1
BOTTOM OF THE 5TH
Seattle Rainiers batting - Pitching for Eau Claire Esquires : LHP Gabriel Acevedo
Batting: RHB Lionel Pona 0-0: Fly out, F8 (Flyball, 78S)
Batting: RHB Jeff Lawrence 0-0: Foul Ball, location: 2F
0-1: Ball
1-1: Swinging Strike
1-2: Ball
2-2: Foul Ball, location: 2F
2-2: Ground out 5-3 (Groundball, 56S)
Batting: SHB Dwight Hill 0-0: Foul Ball, location: 2F
0-1: Ball
1-1: Called Strike
1-2: Ball
2-2: Foul Ball, location: 2F
2-2: Ball
3-2: Base on Balls
Batting: RHB Roberto Casas 0-0: Ball
1-0: Swinging Strike
1-1: Swinging Strike
1-2: Fly out, F8 (Flyball, 8LXD)
Bottom of the 5th over - 0 runs, 0 hits, 0 errors, 1 left on base; Eau Claire 0 - Seattle 1
TOP OF THE 6TH
Eau Claire Esquires batting - Pitching for Seattle Rainiers : RHP César Rodríguez
Batting: RHB Jason Smith 0-0: Ball
1-0: Ball
2-0: Called Strike
2-1: Swinging Strike
2-2: SINGLE (Flyball, 9LS)
Batting: RHB Jonathan Reynolds 0-0: Called Strike
0-1: SINGLE (Line Drive, 56)
Jason Smith to second
Batting: RHB Silas Small 0-0: Ball
1-0: Ball
2-0: Ball
3-0: Base on Balls
Jason Smith to third
Jonathan Reynolds to second
Batting: RHB Luis Cherena 0-0: Grounds into fielders choice 6-2 (Groundball, 6)
Jonathan Reynolds to third
Silas Small to second
Batting: LHB Steve Arnold 0-0: Foul Ball, location: 2F
0-1: Swinging Strike
0-2: Ball
1-2: Strikes out swinging
Batting: RHB Vincente Ramírez 0-0: Ball
1-0: Ball
2-0: Called Strike
2-1: Called Strike
2-2: Strikes out swinging
Top of the 6th over - 0 runs, 2 hits, 0 errors, 3 left on base; Eau Claire 0 - Seattle 1
BOTTOM OF THE 6TH
Seattle Rainiers batting - Pitching for Eau Claire Esquires : LHP Gabriel Acevedo
Batting: RHB Cal Cox 0-0: Called Strike
0-1: Ground out 6-3 (Groundball, 56D)
Batting: RHB Jesús Ortíz 0-0: Ball
1-0: Ball
2-0: Ball
3-0: Base on Balls
Batting: RHB Jesús Vélez 0-0: Ball
1-0: Foul Ball, location: 2F
1-1: Foul Ball, location: 2F
1-2: Ball
2-2: Foul Ball, location: 2F
2-2: Strikes out swinging
Batting: LHB Darren Cook 0-0: Called Strike
0-1: Foul Ball, location: 2F
0-2: Foul Ball, location: 2F
0-2: Ball
1-2: Ball
2-2: Foul Ball, location: 2F
2-2: Foul Ball, location: 2F
2-2: SINGLE (Groundball, 56D)
Jesús Ortíz to second
Batting: RHB John Eaves 0-0: Ball
1-0: Fly out, F4 (Popup, 4)
Bottom of the 6th over - 0 runs, 1 hit, 0 errors, 2 left on base; Eau Claire 0 - Seattle 1
TOP OF THE 7TH
Eau Claire Esquires batting - Pitching for Seattle Rainiers : RHP César Rodríguez
Batting: RHB Tom McBride 0-0: Ball
1-0: Ball
2-0: Ball
3-0: Base on Balls
Pinch Hitting: LHB Paul Lee 0-0: Ball
1-0: Bunted foul
1-1: Sac Bunt - play at first, batter OUT! 2-4
Tom McBride to second
Batting: LHB Johnny Foley 0-0: SINGLE (Flyball, 89S)
Tom McBride to third
Runner from 3rd tries for Home, throw and OUT!
Batting: RHB Jason Smith 0-0: Called Strike
0-1: Ball
1-1: Ball
2-1: Ball
3-1: Called Strike
3-2: Base on Balls
Johnny Foley to second
Batting: RHB Jonathan Reynolds 0-0: Called Strike
0-1: Ball
1-1: Fly out, F3 (Line Drive, 34)
Top of the 7th over - 0 runs, 1 hit, 0 errors, 2 left on base; Eau Claire 0 - Seattle 1
BOTTOM OF THE 7TH
Seattle Rainiers batting - Pitching for Eau Claire Esquires : LHP Gabriel Acevedo
Now at 1B: Juan Martínez
Batting: RHB Lionel Pona 0-0: Ball
1-0: Foul Ball, location: 2F
1-1: Ground out 5-3 (Groundball, 56)
Batting: RHB Jeff Lawrence 0-0: Called Strike
0-1: Foul Ball, location: 2F
0-2: Ball
1-2: Ball
2-2: Ball
3-2: SINGLE (Flyball, 78M)
Pitching: LHP Mike Barr
Pinch Hitting: RHB Steve Smith 0-0: Ball
1-0: Ball
2-0: Called Strike
2-1: Ball
3-1: SINGLE (Line Drive, 8LS)
Jeff Lawrence to second
Batting: RHB Roberto Casas 0-0: Ball
1-0: Ball
2-0: Called Strike
2-1: Ball
3-1: Called Strike
3-2: Grounds into double play, 4-6-3 (Groundball, 4)
Bottom of the 7th over - 0 runs, 2 hits, 0 errors, 1 left on base; Eau Claire 0 - Seattle 1
TOP OF THE 8TH
Eau Claire Esquires batting - Pitching for Seattle Rainiers : RHP César Rodríguez
Pitching: LHP Nick Thornton
Now at 1B: Steve Smith
Batting: RHB Silas Small 0-0: Called Strike
0-1: Ball
1-1: SINGLE (Groundball, 6MD)
Pinch Runner at 1st Art Cornell:
Batting: RHB Luis Cherena 0-0: Ball
1-0: Called Strike
1-1: Ball
2-1: Fly out, F4 (Popup, 4M)
Pinch Hitting: RHB Edgardo Morales 0-0: Ball
1-0: Foul Ball, location: 2F
1-1: Swinging Strike
1-2: Ball
2-2: Strikes out looking
Batting: RHB Vincente Ramírez 0-0: Called Strike
0-1: Ball
1-1: Foul Ball, location: 2F
1-2: Strikes out swinging
Top of the 8th over - 0 runs, 1 hit, 0 errors, 1 left on base; Eau Claire 0 - Seattle 1
BOTTOM OF THE 8TH
Seattle Rainiers batting - Pitching for Eau Claire Esquires : LHP Mike Barr
Now at 3B: Jorge Garza
Now in RF: Edgardo Morales
Batting: RHB Cal Cox 0-0: Ball
1-0: Ball
2-0: Called Strike
2-1: Foul Ball, location: 2F
2-2: Strikes out swinging
Batting: RHB Jesús Ortíz 0-0: Foul Ball, location: 2F
0-1: Ball
1-1: Hit by Pitch
Pinch Hitting: RHB José Rosales 0-0: Ball
1-0: Called Strike
1-1: Ground out 3-1 (Groundball, 34S)
Jesús Ortíz to second
Pinch Hitting: LHB David Hernández 0-0: Foul Ball, location: 2F
0-1: Ball
1-1: Ground out 3-1 (Groundball, 23)
Bottom of the 8th over - 0 runs, 0 hits, 0 errors, 1 left on base; Eau Claire 0 - Seattle 1
TOP OF THE 9TH
Eau Claire Esquires batting - Pitching for Seattle Rainiers : LHP Nick Thornton
Pitching: LHP Vicente Mojica
Now at SS: David Hernández
Now in LF: Ramón Ramírez
Batting: RHB Tom McBride 0-0: Ball
1-0: Swinging Strike
1-1: Foul Ball, location: 2F
1-2: Ground out 6-3 (Groundball, 6)
Batting: RHB Juan Martínez 0-0: Ball
1-0: Foul Ball, location: 2F
1-1: Ball
2-1: Ball
3-1: Base on Balls
Batting: LHB Johnny Foley 0-0: Ball
1-0: Called Strike
1-1: Swinging Strike
1-2: Strikes out swinging
Batting: RHB Jason Smith 0-0: Foul Ball, location: 2F
0-1: Called Strike
0-2: Strikes out swinging
Top of the 9th over - 0 runs, 0 hits, 0 errors, 1 left on base; Eau Claire 0 - Seattle 1
Saturday, December 16th, 2017 - OOTP Baseball 18.8 Build 76